 Dungeon Crawl Stone Soup version 0.27.1 (webtiles) character file.

Game seed: 10010354631232048525

193 Atelerd the Digger (level 5, -14/31 HPs)
             Began as an Octopode Earth Elementalist on Sept 1, 2021.
             Killed by divine providence
             ... invoked by an orc priest
              (15 damage)
             ... on level 4 of the Dungeon.
             The game lasted 00:03:59 (3939 turns).

Atelerd the Digger (Octopode Earth Elementalist)    Turns: 3939, Time: 00:04:00

Health: -14/31     AC:  1    Str: 14    XL:     5   Next: 72%
Magic:  3/9        EV: 13    Int: 18    God:
Gold:   92         SH:  0    Dex: 12    Spells: 4/9 levels left

rFire    . . .     SeeInvis .   o - +1 dagger (vamp)
rCold    . . .     Faith    .   (no shield)
rNeg     . . .     Spirit   .   (helmet restricted)
rPois    .         Reflect  .   (no amulet)
rElec    .         Harm     .   g - +6 ring of strength
rCorr    +         Rampage  .   j - ring of resist corrosion
Will     .....                  (no ring)
Stlth    +++.......             (no ring)
HPRegen  0.10/turn              (no ring)
MPRegen  0.11/turn              (no ring)
                                (no ring)
                                (no ring)

@: no status effects
A: almost no armour, amphibious, 8 rings, camouflage 1, gelatinous body 1,
(nimble swimmer 1), tentacles
a: no special abilities


You were on level 4 of the Dungeon.
You visited 1 branch of the dungeon, and saw 4 of its levels.

You collected 92 gold pieces.

Inventory:

Hand Weapons
 e - a +0 dagger
 o - a +1 vampiric dagger (weapon)
Missiles
 b - 25 stones
Jewellery
 g - a +6 ring of strength (left tentacle)
 j - a ring of resist corrosion (right tentacle)
Scrolls
 a - a scroll of amnesia {unknown}
 d - a scroll of blinking {unknown}
 h - a scroll of teleportation {unknown}
 n - a scroll of vulnerability {unknown}
 q - a scroll of enchant weapon {unknown}
Potions
 c - 2 potions of lignification {unknown}
 f - 2 potions of heal wounds {unknown}
 i - a potion of attraction {unknown}
 k - a potion of curing {unknown}
 l - 2 potions of degeneration {unknown}
 m - a potion of cancellation {unknown}
 p - a potion of magic {unknown}


   Skills:
 - Level 2.0 Dodging
 - Level 2.6 Stealth
 + Level 2.9 Spellcasting
 * Level 3.4 Transmutations
 * Level 4.5 Earth Magic


You had 4 spell levels left.
You knew the following spells:

 Your Spells              Type           Power      Damage    Failure   Level
a - Sandblast             Erth           36%        2d10      2%          1
b - Petrify               Tmut/Erth      17%        N/A       32%         4

Your spell library contained the following spells:

 Spells                   Type           Power      Damage    Failure   Level
 Passwall                 Tmut/Erth      14%        N/A       4%          2
 Stone Arrow              Conj/Erth      20%        3d8       21%         3
 Blink                    Tloc           N/A        N/A       26%         2
 Manifold Assault         Tloc           2%         N/A       99%         5
 Storm Form               Tmut/Air       4%         N/A       100%        7


Dungeon Overview and Level Annotations

Branches:
Dungeon (4/15)
 Temple: D:4-7

Altars:

Annotations:
D:2 exclusion: 2 downstairs
D:3 exclusion: downstairs


Innate Abilities, Weirdness & Mutations

You cannot wear most types of armour.
You are amphibious.
You can wear up to eight rings at the same time.
Your skin changes colour to match your surroundings (Stealth+).
Your rubbery body absorbs attacks. (AC +1, EV +1)
((You are camouflaged near water. (Stealth+)))
You have tentacles for arms and can constrict up to eight enemies at once.


Message History

The blast of sand hits the orc priest!
You kill the orc priest!
Unknown command.
Casting: Sandblast (safe; 2% risk of failure)
Confirm with . or Enter, or press ? or * to list all spells.
Aiming: Sandblast (safe; 2% risk of failure)
Press: ? - help, Shift-Dir - straight line, f - orc priest
Aim: an orc priest, wielding a +0 club and wearing a +0 ring mail (82% to hit)
The blast of sand hits the orc priest.
The orc priest is lightly wounded.
You hear a shout!
Casting: Sandblast (safe; 2% risk of failure)
Confirm with . or Enter, or press ? or * to list all spells.
Aiming: Sandblast (safe; 2% risk of failure)
Press: ? - help, Shift-Dir - straight line, f/p - orc priest
Aim: an orc priest, wielding a +0 club and wearing a +0 ring mail (lightly wounded, 82% to hit)
The blast of sand hits the orc priest but does no damage.
The orc priest is lightly wounded.
The orc priest invokes the aid of Beogh against you.
Beogh smites you!
* * * LOW HITPOINT WARNING * * *
Casting: Sandblast (safe; 2% risk of failure)
Confirm with . or Enter, or press ? or * to list all spells.
Aiming: Sandblast (safe; 2% risk of failure)
Press: ? - help, Shift-Dir - straight line, f/p - orc priest
Aim: an orc priest, wielding a +0 club and wearing a +0 ring mail (lightly wounded, 82% to hit)
Okay, then.
You aren't carrying any items that you can evoke.
There's nothing to close nearby.
Okay, then.
Casting: Sandblast (safe; 2% risk of failure)
Confirm with . or Enter, or press ? or * to list all spells.
Aiming: Sandblast (safe; 2% risk of failure)
Press: ? - help, Shift-Dir - straight line, f/p - orc priest
Aim: an orc priest, wielding a +0 club and wearing a +0 ring mail (lightly wounded, 82% to hit)
The blast of sand hits the orc priest but does no damage.
The orc priest is lightly wounded.
The orc priest calls down the wrath of Beogh upon you.
Beogh smites you!
You die...

#..#########......
##..##...........
#............##..........
###...#####...............
#....## ##.#####........#
....##..####..#
##........# #..##
#..<.##.## #....?..... ##
#.##.#..# #..........
#.##.#@## #..........
#.#...oo# #..........
#w###.#####.......... ...
#................ #.#.
#########........ #.#.
####w.... # #. ..... #.
..... #. .....


You could see a worm and 2 orc priests.

Vanquished Creatures
  2 orc priests
  Jessica (D:3)
  An orc wizard (D:3)
  An adder (D:2)
  A worm (D:4)
  3 dart slugs
  8 orcs (D:3)
  6 ball pythons
  4 bats
  3 endoplasms
  2 giant cockroaches
  2 goblins
  8 hobgoblins
  5 quokkas
  3 frilled lizards
  7 kobolds
  3 rats (D:2)
60 creatures vanquished.

Notes
Turn   | Place    | Note
-------+----------+-------------------------------------------
     0 | D:1      | Atelerd the Octopode Earth Elementalist began the quest for
                  | the Orb.
     0 | D:1      | Reached XP level 1. HP: 11/11 MP: 3/3
    96 | D:1      | Reached XP level 2. HP: 15/17 MP: 1/5
   666 | D:1      | Found a faded altar of an unknown god.
   942 | D:2      | Reached XP level 3. HP: 14/21 MP: 6/6
  2507 | D:3      | Reached XP level 4. HP: 27/27 MP: 5/7
  2668 | D:3      | Learned a level 4 spell: Petrify
  2898 | D:3      | Reached skill level 4 in Earth Magic
  3076 | D:3      | Reached XP level 5. HP: 7/31 MP: 0/9
  3426 | D:3      | Noticed Jessica
  3431 | D:3      | Killed Jessica
  3938 | D:4      | HP: 1/31 [orc priest/divine providence (12)]
  3939 | D:4      | Killed from afar by an orc priest

Illustrated notes

Levels and vault maps discovered:
D:1:      dpeg_arrival_tiny_f, layout_basic, ebering_ecumenical_altar_webs
D:2:      layout_loops_corners, serial_glass, glass_columns_b, glass_columns_a
D:3:      layout_loops_ring, uniq_jessica
D:4:      layout_rooms, grunt_decor_fettered, lemuel_flame_loot_1

Skill      XL: |  1  2  3  4 |
---------------+-------------+-----
Transmutations | 2 3 |  3.4
Earth Magic    | 4 |  4.5
Dodging        | |  2.0
Stealth        | |  2.6
Spellcasting   | |  2.9

Action                   |  1- 3 |  4- 6 || total
-------------------------+-------+-------++-------
Melee: Unarmed           |    19 |       ||    19
       Tentacles         |    15 |     9 ||    24
       Constrict         |    17 |    10 ||    27
       Dagger            |    44 |    28 ||    72
 Cast: Sandblast         |    19 |    31 ||    50
 Stab: Sleeping          |    13 |     2 ||    15
Armor: Skin              |     5 |     1 ||     6
Dodge: Dodged            |    35 |    16 ||    51
